 Dungeon Crawl Stone Soup version bcrawl-1.13-2-g5ca86534bc (webtiles) character file.

Game seed: 1636129255285005361

22415 Revguard the Spear-Bearer (level 12, -1/93 HPs)
             Began as a Demonspawn Archaeologist on Aug 2, 2019.
             Was a Priest of Nemelex Xobeh.
             Succumbed to a redback's poison
             ... on level 12 of the Dungeon.
             The game lasted 00:37:37 (11151 turns).

Revguard the Spear-Bearer (DsAc)                   Turns: 11151, Time: 00:37:37

Health: -1/93      AC: 21    Str: 14    XL:     12   Next: 62%
Magic:  18/18      EV:  9    Int: 16    God:    Nemelex Xobeh [***...]
Gold:   736        SH:  4    Dex: 18    Spells: 12/12 levels left

rFire    + . .     SeeInvis .   f - +5 scythe "Finisher" {speed, eviscerate}
rCold    . . .     Gourm    .   (shield currently unavailable)
rNeg     . . .     Faith    .   m - +3 plate armour
rPois    .         Spirit   .   (helmet restricted)
rElec    .         Reflect  .   x - +1 cloak
rCorr    +         Harm     .   k - +0 pair of gloves
MR       .....                  d - +1 pair of boots
Stlth    ..........             j - amulet of regeneration
HPRegen  0.65/turn              r - ring of resist corrosion
MPRegen  0.16/turn              H - +3 ring of evasion

@: lethally poisoned (-1 -> -28), very slightly contaminated
A: antennae 2, large bone plates 1, agile 2, fire resistance 1, powered by pain
2, rot immunity
a: Draw Escape, Draw Destruction, Draw Summoning, Triple Draw, Renounce Religion


You were on level 12 of the Dungeon.
You worshipped Nemelex Xobeh.
Nemelex Xobeh was most pleased with you.
You were not hungry.

You visited 2 branches of the dungeon, and saw 13 of its levels.
You also visited: Ossuary.

You collected 907 gold pieces.
You spent 171 gold pieces at shops.

Inventory:

Hand Weapons
 f - the +5 scythe "Finisher" (weapon) {speed, eviscerate} Attacks with this weapon are significantly faster.
 i - a +2 spear of draining
Armour
 d - a +1 pair of boots (worn)
 k - a +0 pair of gloves (worn)
 m - a +3 plate armour (worn)
 w - a +2 ring mail of cold resistance
 x - a +1 cloak (worn)
Jewellery
 c - an uncursed ring of poison resistance
 j - an amulet of regeneration (around neck)
 r - a ring of resist corrosion (left hand)
 z - an uncursed ring of positive energy
 A - an uncursed amulet of the acrobat
 H - a +3 ring of evasion (right hand)
Wands
 y - a wand of digging (2)
 B - a wand of flame (11)
 I - a wand of random effects (8)
 K - a wand of iceblast (4)
 P - a wand of clouds (2)
Scrolls
 a - 3 scrolls of fog
 b - 2 scrolls of fear
 e - 4 scrolls of enchant weapon
 l - 5 scrolls of remove curse
 n - 3 scrolls of magic mapping
 p - 2 scrolls of teleportation
 s - 2 scrolls of amnesia
 v - a scroll of silence {unknown}
 C - 2 scrolls of noise
 E - a scroll of identify
 G - a scroll of brand weapon
 L - a scroll of blinking
 M - a scroll of enchant armour
Potions
 h - 2 potions of agility
 o - 3 potions of flight
 q - 7 potions of invisibility
 t - 3 potions of mutation
 u - 3 potions of haste
 F - 3 potions of lignification
 J - a potion of ambrosia
 N - a potion of curing
 O - 2 potions of cancellation
Comestibles
 g - 29 rations {!d}


   Skills:
 * Level 8.2 Fighting
   Level 1.7 Maces & Flails
 * Level 13.9 Polearms
 * Level 6.4 Armour
 + Level 5.3 Dodging
 - Level 3.4 Stealth
 - Level 0.5 Spellcasting
 * Level 8.6 Invocations
 * Level 6.3 Evocations


You had 12 spell levels left.
You didn't know any spells.
Your spell library contained the following spells:

 Spells                   Type           Power        Failure   Level  Hunger
 Flame Tongue             Conj/Fire      #....        100%        1    ##.....
 Magic Dart               Conj           #...         100%        1    ##.....
 Searing Ray              Conj           #.....       100%        2    ###....
 Conjure Flame            Conj/Fire      #.......     100%        3    ####...
 Inner Flame              Hex/Fire       N/A          100%        3    ####...
 Iskenderun's Mystic Bla  Conj           #.......     100%        3    ####...
 Fulminant Prism          Conj/Hex       #.........   100%        4    #####..
 Sticky Flame             Conj/Fire      #.......     100%        4    #####..
 Fireball                 Conj/Fire      #.........   100%        5    ######.
 Irradiate                Conj/Tmut      #.........   100%        5    ######.


Dungeon Overview and Level Annotations

Branches:
Dungeon (12/12)            Temple (1/1) D:7            Lair (0/6) D:9
    Orc (0/1) D:11
 Vaults: D:11-12     Depths: D:12

Altars:
Ashenzari
Cheibriados
Dithmenos
Elyvilon
Fedhas
Gozag
Hepliaklqana
Kikubaaqudgha
Lugonu
Makhleb
Nemelex Xobeh
Okawaru
Qazlal
Ru
Sif Muna
Trog
Uskayaw
Vehumet
Wu Jian
Xom
Yredelemnul
Zin
The Shining One

Shops:
D:4 (   D:7 [   D:10 %


Innate Abilities, Weirdness & Mutations

You have a pair of antennae on your head.
You are partially covered in large bone plates. (SH +4)
You sometimes gain power by taking damage.
You are immune to rotting.
You are very agile. (Dex +4)
Your flesh is heat resistant. (rF+)


Message History

The redback bites Revguard's illusion but does no damage.
The redback closely misses you. x2; Revguard's illusion hits the redback!
The redback dies!
The redback bites Revguard's illusion!
Revguard's illusion looks as sick as possible!
The redback poisons Revguard's illusion!
The redback bites Revguard's illusion but does no damage.
The redback bites you!
* * * LOW HITPOINT WARNING * * *
Your rakshasa blinks!
The redback bites you!
* * * LOW HITPOINT WARNING * * *
You are lethally poisoned!
The redback poisons you! The redback closely misses you.
Blink to where?
Press: ? - help, Dir - move target cursor You are very lightly contaminated with residual magic.
As you read the scroll of blinking, it crumbles to dust.
You die...
Your body disappears without a glow.

###### ..# .....# ##### #..#
.....# #ss§# #c.#
.....################css# #.c#
.......##.............s@# #{.#
.......##.########....s)# #{.#
#'###)..#..# #....§.#####(.##
#.###.#.#.<#######...........O...
#...............@................
#######..#.####.##..)##..........
##)#+###...'...##..........
#....##..##...##.......$..
#....##........#.####+####
#[...###.#####'#+#### #....#
#.#..........###### ######...)#
#.#...............# #..)[..)..#
#.#..........####.#


You could see 4 redbacks and the friendly Revguard's illusion.

Vanquished Creatures
  2 centaur warriors
  2 two-headed ogres
  An unseen horror (D:9)
  2 cyclopes
  An orc knight (D:10)
  A wolf spider (D:11)
  3 ugly things
  2 manticores (D:11)
  An elephant (D:12)
  Joseph (D:7)
  3 yaktaurs (D:11)
  A komodo dragon (D:9)
  3 trolls
  A hornet (shapeshifter) (D:11)
  A hornet (D:12)
  3 hippogriffs
  A spriggan (D:7)
  2 wraiths
  2 shadows
  Eustachio (D:6)
  12 yaks
  A steam dragon (D:6)
  A hungry ghost (D:11)
  A hornet zombie (D:7)
  15 orc warriors
  2 sky beasts
  10 ogres
  4 ice beasts
  A necrophage (D:6)
  8 centaurs
  A crocodile (D:7)
  2 elf zombies (Ossuary)
  4 big kobolds (D:11)
  3 gnoll sergeants (D:11)
  5 bullfrogs
  4 scorpions
  9 wights (D:6)
  9 killer bees
  A howler monkey (D:4)
  10 crimson imps
  3 centaur zombies
  2 hounds
  A quasit (D:7)
  2 jellies
  11 orc wizards
  4 gnoll shamans
  5 orc priests
  Crazy Yiuf (D:7)
  3 centaur skeletons
  An iguana (D:6)
  4 worker ants
  2 big kobold zombies (Ossuary)
  2 mummies (Ossuary)
  A worker ant zombie (D:9)
  18 gnolls
  12 adders
  3 shadow imps
  4 oozes
  3 adder zombies (Ossuary)
  5 worms
  A dart slug (D:1)
  9 leopard geckos
  31 orcs
  A ball python (D:3)
  9 bats
  2 giant cockroaches
  6 goblins
  10 hobgoblins
  7 jackals
  3 quokkas
  4 frilled lizards
  A goblin zombie (Ossuary)
  10 hobgoblin zombies (Ossuary)
  16 kobolds
  10 kobold zombies (Ossuary)
  6 orc zombies (Ossuary)
  4 rats
  2 rat zombies
356 creatures vanquished.

Vanquished Creatures (collateral kills)
  A two-headed ogre (D:12)
  An orc knight (D:12)
  A redback (D:12)
  A centaur (D:12)
  2 orcs (D:12)
6 creatures vanquished.

Vanquished Creatures (others)
  A wizard (D:3)
  A shining eye (D:12)
  A glowing shapeshifter (D:12)
  6 fungi (D:9)
  15 plants (D:9)
24 creatures vanquished.

Grand Total: 386 creatures vanquished

Notes
Turn   | Place    | Note
-------+----------+-------------------------------------------
     0 | D:1      | Revguard the Demonspawn Archaeologist began the quest for
                  | the Orb.
     0 | D:1      | Reached XP level 1. HP: 15/15 MP: 1/1
     1 | D:1      | Noticed an electric eel
   175 | D:1      | Reached skill level 1 in Evocations
   175 | D:1      | Gained mutation: You are partially covered in large bone
                  | plates. (SH +4) [demonic ancestry]
   175 | D:1      | Reached XP level 2. HP: 9/21 MP: 2/2
   411 | D:1      | Reached skill level 1 in Maces & Flails
   690 | D:1      | Reached XP level 3. HP: 25/26 MP: 4/4
  1254 | D:2      | Reached skill level 1 in Armour
  1254 | D:2      | Reached XP level 4. HP: 29/32 MP: 5/5
  1492 | D:2      | Reached XP level 5. HP: 23/38 MP: 6/6
  1940 | D:2      | Reached skill level 1 in Polearms
  2229 | D:3      | Reached skill level 2 in Polearms
  2570 | D:3      | Found a glowing silver altar of Zin.
  2570 | D:3      | Found a sparkling altar of Nemelex Xobeh.
  2571 | D:3      | Found a corrupted altar of Lugonu.
  2573 | D:3      | Found a stormy altar of Qazlal.
  2911 | D:3      | Found a bloodstained altar of Trog.
  2913 | D:3      | Noticed a wizard
  2918 | D:3      | Killed a wizard
  3113 | D:3      | Became a worshipper of Nemelex Xobeh the Trickster
  3237 | D:4      | Received a gift from Nemelex Xobeh
  3237 | D:4      | Noticed a sky beast
  3283 | D:4      | Reached skill level 3 in Polearms
  3283 | D:4      | Gained mutation: You are immune to rotting. [demonic
                  | ancestry]
  3283 | D:4      | Reached XP level 6. HP: 26/44 MP: 7/7
  3347 | D:4      | Found Zigavi Heyh's Weapon Shop.
  3356 | D:4      | HP: 1/44 [sky beast (5)]
  3359 | D:4      | Killed a sky beast
  3361 | D:4      | Bought a +2 spear of venom for 171 gold pieces
  3447 | D:4      | Reached skill level 4 in Polearms
  3462 | D:4      | Found a sand-covered staircase.
  3479 | D:4      | Gained mutation: You sometimes gain a little power by
                  | taking damage. [demonic ancestry]
  3479 | D:4      | Reached XP level 7. HP: 51/51 MP: 9/9
  3488 | Ossuary  | Entered an ossuary
  3761 | Ossuary  | Reached skill level 5 in Polearms
  3814 | Ossuary  | Paralysed by fainting for 5 turns
  3956 | Ossuary  | Gained mutation: You are agile. (Dex +2) [potion of
                  | mutation]
  3956 | Ossuary  | Gained mutation: You are very agile. (Dex +4) [potion of
                  | mutation]
  3956 | Ossuary  | Gained mutation: Your flesh is heat resistant. (rF+)
                  | [potion of mutation]
  4242 | D:4      | Reached skill level 6 in Polearms
  4276 | D:4      | Reached skill level 1 in Invocations
  4283 | D:4      | Received a gift from Nemelex Xobeh
  4865 | D:5      | Entered Level 5 of the Dungeon
  4866 | D:5      | Reached * piety under Nemelex Xobeh
  4957 | D:5      | Gained mutation: You sometimes gain power by taking damage.
                  | [demonic ancestry]
  4957 | D:5      | Reached XP level 8. HP: 57/58 MP: 10/10
  5032 | D:5      | Found an opulent altar of Gozag.
  5080 | D:5      | Reached skill level 7 in Polearms
  5719 | D:6      | Reached skill level 8 in Polearms
  5779 | D:6      | Received a gift from Nemelex Xobeh
  5824 | D:6      | Reached XP level 9. HP: 54/65 MP: 11/11
  5858 | D:6      | Reached ** piety under Nemelex Xobeh
  5902 | D:6      | Noticed a troll
  5912 | D:6      | Killed a troll
  5941 | D:6      | Noticed Eustachio
  5942 | D:6      | Killed Eustachio
  5976 | D:6      | Reached skill level 9 in Polearms
  5981 | D:6      | Received a gift from Nemelex Xobeh
  6220 | D:7      | Reached skill level 5 in Fighting
  6344 | D:7      | Found Rojafer's Antique Armour Boutique.
  6501 | D:7      | Found a staircase to the Ecumenical Temple.
  6510 | Temple   | Entered the Ecumenical Temple
  6568 | D:7      | Noticed Joseph
  6578 | D:7      | Killed Joseph
  6612 | D:7      | Found a runed door.
  6700 | D:7      | Reached skill level 10 in Polearms
  6773 | D:7      | Found a burning altar of Makhleb.
  6773 | D:7      | Found a shimmering altar of Xom.
  6791 | D:7      | Gained mutation: You have a pair of small antennae on your
                  | head. [demonic ancestry]
  6791 | D:7      | Reached XP level 10. HP: 74/74 MP: 13/13
  6975 | D:7      | Noticed Crazy Yiuf
  6980 | D:7      | Killed Crazy Yiuf
  7024 | D:8      | Found a hide-covered altar of Uskayaw.
  7027 | D:8      | Reached skill level 5 in Invocations
  7160 | D:8      | Received a gift from Nemelex Xobeh
  7162 | D:8      | Found a stormy altar of Qazlal.
  7267 | D:8      | Found an iron altar of Okawaru.
  7267 | D:8      | Found a blossoming altar of Fedhas.
  7268 | D:8      | Found a bloodstained altar of Trog.
  7359 | D:8      | Reached *** piety under Nemelex Xobeh
  7736 | D:9      | Noticed a two-headed ogre
  7743 | D:9      | Reached skill level 11 in Polearms
  7774 | D:9      | Killed a two-headed ogre
  7920 | D:9      | Killed an unseen horror
  7920 | D:9      | Reached skill level 5 in Armour
  7920 | D:9      | Gained mutation: You have a pair of antennae on your head.
                  | [demonic ancestry]
  7920 | D:9      | Reached XP level 11. HP: 48/83 MP: 15/15
  8199 | D:9      | Found a staircase to the Lair.
  8222 | D:9      | Got an ivory morningstar
  8225 | D:9      | Identified the +8 morningstar of Peril {freeze, Int-4
                  | Dex+5} (You found it on level 9 of the Dungeon)
  8667 | D:10     | Entered Level 10 of the Dungeon
  8680 | D:10     | Received a gift from Nemelex Xobeh
  8796 | D:10     | Noticed an orc knight
  8801 | D:10     | Killed an orc knight
  8843 | D:10     | Noticed a centaur warrior
  8860 | D:10     | Killed a centaur warrior
  8860 | D:10     | Reached skill level 5 in Evocations
  9021 | D:10     | Reached skill level 12 in Polearms
  9087 | D:10     | Found Adish's Food Shop.
  9141 | D:10     | Noticed a white ugly thing
  9158 | D:10     | Killed a white ugly thing
  9511 | D:11     | Noticed a cyclops
  9519 | D:11     | Killed a cyclops
  9623 | D:11     | Noticed a purple ugly thing
  9641 | D:11     | Killed a purple ugly thing
  9818 | D:11     | Reached skill level 5 in Dodging
  9929 | D:11     | Noticed a wolf spider
  9936 | D:11     | Killed a wolf spider
  9940 | D:11     | Reached **** piety under Nemelex Xobeh
  9998 | D:11     | Received a gift from Nemelex Xobeh
 10196 | D:11     | Found a deep blue altar of Sif Muna.
 10368 | D:11     | Reached skill level 13 in Polearms
 10406 | D:11     | Reached XP level 12. HP: 51/91 MP: 17/17
 10490 | D:11     | Found a staircase to the Orcish Mines.
 10849 | D:12     | Entered Level 12 of the Dungeon
 10907 | D:12     | Noticed a two-headed ogre
 10921 | D:12     | Noticed a two-headed ogre
 10922 | D:12     | Killed a two-headed ogre
 10926 | D:12     | Noticed an ogre mage
 10928 | D:12     | Noticed a two-headed ogre
 10929 | D:12     | an ogre mage changed into an elephant
 10929 | D:12     | a two-headed ogre changed into a shining eye
 10929 | D:12     | a two-headed ogre changed into a glowing shapeshifter
 11124 | D:12     | Noticed a centaur warrior
 11125 | D:12     | Noticed a two-headed ogre
 11130 | D:12     | Killed a centaur warrior
 11147 | D:12     | Killed a two-headed ogre
 11150 | D:12     | HP: 2/93 [redback (9)]
 11151 | D:12     | Succumbed to a redback's poison

Skill      XL: |  1  2  3  4  5  6  7  8  9 10 11 12 |
---------------+-------------------------------------+-----
Evocations     | 1 2 3 4 5 6 |  6.3
Dodging        | 3 4 5 |  5.3
Maces & Flails | 1 |  1.7
Armour         | 1 2 3 4 5 6 |  6.4
Polearms       | 3 4 6 8 10 11 13 | 13.9
Fighting       | 2 3 4 5 6 7 8 |  8.2
Invocations    | 1 3 4 6 7 8 |  8.6
Stealth        | |  3.4
Spellcasting   | |  0.5

Action                   |  1- 3 |  4- 6 |  7- 9 | 10-12 || total
-------------------------+-------+-------+-------+-------++-------
Melee: Whip              |   185 |     7 |       |       ||   192
       Spear             |       |   348 |   309 |       ||   657
       Scythe            |       |       |   204 |   419 ||   623
Invok: Deal Four         |       |       |       |     1 ||     1
 Abil: Draw Destruction  |       |     1 |       |     4 ||     5
       Draw Escape       |       |       |       |     3 ||     3
       Draw Summoning    |       |       |       |     3 ||     3
Evoke: Wand              |       |       |       |     9 ||     9
  Use: Potion            |     1 |     6 |     1 |     6 ||    14
       Scroll            |     2 |     6 |     5 |    13 ||    26
 Stab: Sleeping          |     2 |    13 |    12 |     5 ||    32
       Distracted        |       |       |     1 |     3 ||     4
  Eat: Chunk             |     1 |     7 |     8 |    16 ||    32
       Ration            |       |       |     1 |       ||     1
Armor: Robe              |    78 |    67 |    50 |       ||   195
       Skin              |       |    95 |       |       ||    95
       Ring mail         |       |       |    70 |   101 ||   171
       Leather armour    |       |       |    16 |       ||    16
       Plate armour      |       |       |       |    30 ||    30
Dodge: Dodged            |   159 |   150 |   219 |   292 ||   820
Block: Other             |    38 |    39 |    57 |    71 ||   205
